 Dungeon Crawl Stone Soup version 0.27-a0-1184-ge86db4a01e (webtiles) character file.

Game seed: 14529438913504790049

6667 rjrrt the Cleaver (level 10, -5/115 HPs)
             Began as a Demonspawn Berserker on May 18, 2021.
             Was a High Priest of Trog.
             Slain by a freezing wraith (9 damage)
             ... on level 10 of the Dungeon.
             The game lasted 00:23:44 (11055 turns).

rjrrt the Cleaver (Demonspawn Berserker)           Turns: 11055, Time: 00:23:45

Health: -5/115     AC: 25    Str: 20    XL:     10   Next: 73%
Magic:  10/10      EV: 14    Int:  8    God:    Trog [*****.]
Gold:   443        SH:  4    Dex: 14    Spells: 9/9 levels left

rFire    . . .     SeeInvis +   a - +1 war axe
rCold    . . .     Faith    .   (no shield)
rNeg     . . .     Spirit   .   F - +0 plate armour
rPois    .         Reflect  .   (no helmet)
rElec    .         Harm     .   C - +0 cloak {Stlth+}
rCorr    .         Rampage  .   i - +1 pair of gloves
Will     .....                  h - +0 pair of boots
Stlth    ..........             (no amulet)
HPRegen  0.29/turn              t - +4 ring of evasion
MPRegen  0.12/turn              o - ring of see invisible

@: berserking (expiring), slowed
A: claws 1, repulsion field 1, foul stench 2, icemail 2, condensation shield
a: Renounce Religion, Berserk, Trog's Hand, Brothers in Arms


You were on level 10 of the Dungeon.
You worshipped Trog.
Trog was extremely pleased with you.
You visited 1 branch of the dungeon, and saw 10 of its levels.
You also visited: Ossuary.

You collected 467 gold pieces.
You spent 24 gold pieces at shops.

Inventory:

Hand Weapons
 a - a +1 war axe (weapon)
 d - a +4 trident
 g - a +4 battleaxe
Missiles
 r - a throwing net
 x - 9 boomerangs (quivered)
 A - a curare-tipped dart
Armour
 h - a +0 pair of boots (worn)
 i - a +1 pair of gloves (worn)
 C - a +0 cloak of stealth (worn)
 F - a +0 plate armour (worn)
Jewellery
 c - a ring of flight
 o - a ring of see invisible (right hand)
 t - a +4 ring of evasion (left hand)
Wands
 j - a wand of iceblast (13)
 z - a wand of flame (15)
Scrolls
 b - a scroll of fear
 f - 2 scrolls of enchant weapon
 u - 3 scrolls of teleportation
 w - 2 scrolls of summoning
 y - 2 scrolls of fog
 B - a scroll of enchant armour
Potions
 e - a potion of haste
 k - 4 potions of resistance
 l - a potion of might
 m - 2 potions of attraction {unknown}
 n - 8 potions of curing
 p - a potion of cancellation
 q - a potion of lignification
 s - 2 potions of mutation {unknown}
 v - a potion of invisibility
 D - 2 potions of ambrosia {unknown}
 E - a potion of flight {unknown}


   Skills:
 + Level 6.8 Fighting
 * Level 11.7 Axes
 + Level 5.8 Armour
 + Level 5.8 Dodging


You had 9 spell levels left.
You didn't know any spells.
Your spell library was empty.

Dungeon Overview and Level Annotations

Branches:
Dungeon (10/15)            Temple (0/1) D:5         Ossuary (visited)
   Lair: D:8-11         Orc: D:9-12

Altars:
Cheibriados
Dithmenos
Elyvilon
Ru
Sif Muna
Uskayaw
Wu Jian
Yredelemnul

Shops:
D:7 (:(?*   D:10 ?


Innate Abilities, Weirdness & Mutations

You have sharp fingernails.
You are surrounded by a mild repulsion field. (EV +2)
You sometimes emit foul miasma when damaged in melee.
A meltable icy envelope protects you from harm. (AC +8)
A meltable shield of frost defends you. (SH +4)


Message History

You hit the freezing wraith but do no damage.
The freezing wraith is heavily damaged.
The freezing wraith barely misses you. The freezing wraith hits you!
* * * LOW HITPOINT WARNING * * *
Unknown command.
Your plate armour prevents you from hitting the freezing wraith.
The freezing wraith is heavily damaged.
Unknown command.
You slash the freezing wraith!
The freezing wraith is almost destroyed.
The freezing wraith hits you but does no damage.
The freezing wraith hits you.
* * * LOW HITPOINT WARNING * * *
The freezing wraith drains your vigour!
You feel yourself slow down.
Unknown command.
You closely miss the freezing wraith.
The freezing wraith is almost destroyed.
The freezing wraith closely misses you.
The freezing wraith hits you but does no damage.
Unknown command.
You hit the freezing wraith.
The freezing wraith is almost destroyed.
The freezing wraith barely misses you. You block the freezing wraith's attack.
Unknown command.
You hit the freezing wraith but do no damage.
The freezing wraith is almost destroyed.
The freezing wraith hits you!
* * * LOW HITPOINT WARNING * * *
The freezing wraith freezes you!
* * * LOW HITPOINT WARNING * * *
You emit a cloud of foul miasma!
The freezing wraith hits you.
* * * LOW HITPOINT WARNING * * *
The freezing wraith drains your vigour!
You feel as though you will be slow longer.
You hit the freezing wraith.
The freezing wraith is almost destroyed.
The freezing wraith hits you.
* * * LOW HITPOINT WARNING * * *
The freezing wraith freezes you!
You die...

.. #..# #...###..# #.....# #..
##.. #....#.#.# #..#... #...#..#
#........# ##..#...
##...).######...<#.∩.####.......
#.......##...............<......
#...##..)..........#...........#
#... #..)).......####........###
... #.....##.....# #.......##
...........##...@.# ##...#.....#
# ..............W## #..........
................# #..........
#.......>.......# ##....#####
#..........<....#
#..............# .........
.........


You could see a freezing wraith.

Vanquished Creatures
  A two-headed ogre (D:8)
  Maurice (D:9)
  A shadow (D:10)
  A wyvern (D:8)
  4 water moccasins
  3 orc warriors
  A hornet zombie (D:7)
  3 sky beasts
  2 black bears
  An ogre (D:2)
  A necrophage (D:6)
  A phantom (D:5)
  2 centaurs
  5 kobold brigands
  4 elf zombies (Ossuary)
  3 bullfrogs
  3 scorpions
  9 killer bees (D:7)
  19 wights
  A howler monkey (D:8)
  2 electric eels (D:7)
  6 centaur zombies
  5 human zombies (Ossuary)
  4 orc priests
  5 hounds
  3 iguanas
  Jessica (D:2)
  6 orc wizards
  A killer bee zombie (D:9)
  3 mummies (Ossuary)
  A howler monkey zombie (D:6)
  A gnoll (D:1)
  9 adders
  3 white imps
  A worm zombie (D:4)
  A dart slug (D:1)
  32 orcs
  3 bats
  3 endoplasms
  3 giant cockroaches
  4 goblins
  5 hobgoblins
  8 jackals
  33 kobolds
  5 quokkas
  8 ball pythons
  4 frilled lizards
  A jackal zombie (D:4)
  5 rats
232 creatures vanquished.

Vanquished Creatures (collateral kills)
  A goblin (D:4)
1 creature vanquished.

Grand Total: 233 creatures vanquished

Notes
Turn   | Place    | Note
-------+----------+-------------------------------------------
     0 | D:1      | rjrrt the Demonspawn Berserker began the quest for the Orb.
     0 | D:1      | Reached XP level 1. HP: 18/18 MP: 1/1
   424 | D:1      | Reached skill level 3 in Axes
   441 | D:1      | Gained mutation: You may rarely emit foul miasma when
                  | damaged in melee. [demonic ancestry]
   441 | D:1      | Reached XP level 2. HP: 6/24 MP: 2/2
   769 | D:1      | You fall into a shaft and drop 1 floor!
  1182 | D:2      | Noticed an ogre
  1217 | D:2      | Killed an ogre
  1218 | D:2      | Reached skill level 4 in Axes
  1218 | D:2      | Reached XP level 3. HP: 29/29 MP: 3/3
  1218 | D:2      | Gained mutation: A meltable shield of frost defends you.
                  | (SH +4) [demonic ancestry]
  1218 | D:2      | Reached XP level 4. HP: 35/35 MP: 4/4
  1636 | D:1      | Reached skill level 5 in Axes
  1874 | D:1      | Reached ** piety under Trog
  2225 | D:2      | Gained mutation: A meltable icy envelope protects you from
                  | harm. (AC +8) [demonic ancestry]
  2225 | D:2      | Reached XP level 5. HP: 41/41 MP: 5/5
  2245 | D:2      | Noticed Jessica
  2283 | D:2      | Killed Jessica
  2473 | D:3      | Reached skill level 6 in Axes
  2555 | D:3      | Gained mutation: You are surrounded by a mild repulsion
                  | field. (EV +2) [demonic ancestry]
  2555 | D:3      | Reached XP level 6. HP: 47/47 MP: 6/6
  2702 | D:3      | Found a faded altar of an unknown god.
  3533 | D:4      | Found a sand-covered staircase.
  3549 | Ossuary  | Entered an ossuary
  3602 | Ossuary  | Reached skill level 7 in Axes
  3631 | Ossuary  | Gained mutation: A meltable icy envelope protects you from
                  | harm. (AC +8) [demonic ancestry]
  3631 | Ossuary  | Reached XP level 7. HP: 50/52 MP: 7/7
  3798 | Ossuary  | Reached skill level 8 in Axes
  4324 | D:4      | Noticed a +0 short sword
  4325 | D:4      | Noticed a +0 falchion
  4325 | D:4      | Noticed a +0 dagger
  4325 | D:4      | Noticed a +0 falchion
  4325 | D:4      | Noticed a +0 short sword
  4326 | D:4      | Noticed a +0 dagger
  4326 | D:4      | Noticed a +0 spear
  4327 | D:4      | Noticed a +0 spear
  4339 | D:4      | Found a hide-covered altar of Uskayaw.
  4401 | D:4      | Reached skill level 9 in Axes
  4401 | D:4      | Reached XP level 8. HP: 38/58 MP: 8/8
  4930 | D:5      | Entered Level 5 of the Dungeon
  4939 | D:5      | Found a basalt altar of Yredelemnul.
  5003 | D:5      | Reached *** piety under Trog
  5505 | D:5      | Found a staircase to the Ecumenical Temple.
  6022 | D:6      | Gained mutation: You sometimes emit foul miasma when
                  | damaged in melee. [demonic ancestry]
  6022 | D:6      | Reached XP level 9. HP: 62/66 MP: 9/9
  6189 | D:6      | Reached skill level 10 in Axes
  6625 | D:7      | Reached **** piety under Trog
  6657 | D:7      | Found Tahid's General Store.
  6679 | D:7      | Reached skill level 5 in Fighting
  6828 | D:7      | Bought a scroll of identify for 24 gold pieces
  7008 | D:7      | Found Moyshydd's Magic Scroll Shop.
  7054 | D:7      | Found Paismomu's Weapon Boutique.
  7236 | D:7      | Found an ornate altar of the Wu Jian Council.
  7615 | D:7      | Found Zenocus's Antique Weapon Shoppe.
  7616 | D:7      | Found Gorait's Book Shop.
  7676 | D:7      | Found a shimmering blue altar of Sif Muna.
  7676 | D:7      | Found a snail-covered altar of Cheibriados.
  8423 | D:8      | Found a shadowy altar of Dithmenos.
  8458 | D:8      | Gained mutation: You have sharp fingernails. [demonic
                  | ancestry]
  8458 | D:8      | Reached XP level 10. HP: 40/76 MP: 10/10
  8728 | D:8      | Reached skill level 11 in Axes
  9102 | D:8      | Noticed a two-headed ogre
  9117 | D:8      | Killed a two-headed ogre
  9118 | D:8      | Reached skill level 5 in Armour
  9118 | D:8      | Reached skill level 5 in Dodging
  9524 | D:9      | Found a sacrificial altar of Ru.
  9860 | D:9      | Reached ***** piety under Trog
 10619 | D:9      | Noticed Maurice
 10645 | D:9      | Killed Maurice
 10824 | D:10     | Entered Level 10 of the Dungeon
 10948 | D:10     | Found Fuppofi's Magic Scroll Shoppe.
 11054 | D:10     | HP: 5/115 [freezing wraith (2)]
 11055 | D:10     | Slain by a freezing wraith

Illustrated notes

Levels and vault maps discovered:
D:1:      dpeg_arrival_castle, layout_basic, kennysheep_another_room,
          kennysheep_doodads
D:2:      layout_basic, kennysheep_jessica_study
D:3:      layout_loops_corners, shapermc_ecumenical_altar_gd
D:4:      layout_cave_pools, nicolae_uskayaw_en_pointe, enter_ossuary_3
D:5:      layout_cave_pools, lemuel_round_altar, minmay_temple_entry_hall,
          hangedman_decor_lopped
D:6:      layout_gridville, grunt_decor_fettered, minmay_manual_mess
D:7:      layout_loops_ring, nzn_wu_jian_contemplation,
          nicolae_overflow_hidden_temple, serial_shops, shop, shop_fountains,
          nicolae_shop_temple_entry_statues_fountains, nicolae_shop_stone,
          nicolae_shop_competitors_out_of_business,
          hangedman_abyss_or_decor_passed, kennysheep_generic_room_2
D:8:      layout_loops_ring, nicolae_dithmenos_the_darkroom
D:9:      layout_basic, general_overflow_altar, lemuel_round_altar, uniq_maurice
D:10:     layout_layer_cave, hiddenorc1_lemuel, serial_shops, nicolae_shop_stone

Skill      XL: |  1  2  3  4  5  6  7  8  9 10 |
---------------+-------------------------------+-----
Axes           | 3 4 5 6 7 9 10 11 | 11.7
Armour         | 3 4 5 |  5.8
Dodging        | 3 4 5 |  5.8
Fighting       | 4 5 6 |  6.8

Action                   |  1- 3 |  4- 6 |  7- 9 | 10-12 || total
-------------------------+-------+-------+-------+-------++-------
Melee: Hand axe          |    56 |   221 |   433 |       ||   710
       War axe           |       |       |   186 |   235 ||   421
Throw: Stone             |     1 |       |       |       ||     1
Invok: Berserk           |     3 |     4 |     6 |     3 ||    16
       Trog's Hand       |       |     1 |     1 |       ||     2
  Use: Scroll            |       |     8 |    12 |     1 ||    21
 Stab: Distracted        |     1 |       |       |       ||     1
Armor: Animal skin       |    11 |    17 |       |       ||    28
       Scale mail        |       |    31 |   156 |    16 ||   203
       Plate armour      |       |       |       |    78 ||    78
Dodge: Dodged            |    47 |   151 |   378 |   113 ||   689
Block: Other             |       |    40 |    88 |    24 ||   152

Table legend: (Time is in decaauts)
 A = Elapsed time spent in this place.
 B = Non-inter-level travel time spent in this place.
 C = Inter-level travel time spent in this place.
 D = Time resting spent in this place.
 E = Time spent auto-exploring this place.
 F = Levels seen in this place.
 G = Mean time per level.
                   A        B        C        D        E       F      G
               +--------+--------+--------+--------+--------+-----+--------+
         Total |  11128 |  10804 |    324 |   1955 |   6151 |  11 | 1011.6 |
       Dungeon |  10639 |  10315 |    324 |   1825 |   6151 |  10 | 1063.9 |
       Ossuary |    489 |    489 |      0 |    130 |      0 |   1 |  489.0 |
               +--------+--------+--------+--------+--------+-----+--------+

Top non-repeatable levels by time:
     D:7: 1612 daAuts
     D:1: 1436 daAuts
     D:9: 1302 daAuts
     D:8: 1175 daAuts
     D:3: 1121 daAuts
     D:6: 1110 daAuts
     D:2: 1049 daAuts
     D:4: 877 daAuts
     D:5: 718 daAuts
 Ossuary: 489 daAuts
    D:10: 233 daAuts
